 Dungeon Crawl Stone Soup version 0.23.0 (webtiles) character file.

Game seed: 265813605831578004

63 LostNumber the Chopper (level 4, -5/40 HPs)
             Began as a Hill Orc Abyssal Knight on Feb 10, 2019.
             Was a Follower of Lugonu.
             Slain by Sigmund
             ... wielding a +0 scythe
              (12 damage)
             ... on level 2 of the Dungeon.
             The game lasted 00:02:52 (1650 turns).

LostNumber the Chopper (Hill Orc Abyssal Knight)    Turns: 1650, Time: 00:02:52

Health: -5/40      AC:  3    Str: 20    XL:     4   Next: 10%
Magic:  6/6        EV: 11    Int: 12    God:    Lugonu [*.....]
Gold:   41         SH:  0    Dex: 10    Spells: 3/3 levels left

rFire    . . .     SeeInvis .   a - +1 hand axe
rCold    . . .     Gourm    .   (no shield)
rNeg     . . .     Faith    .   b - +0 leather armour
rPois    .         Spirit   .   (no helmet)
rElec    .         Reflect  .   (no cloak)
rCorr    .         Harm     .   (no gloves)
MR       .....                  (no boots)
Stlth    +.........             (no amulet)
HPRegen  0.13/turn              (no ring)
MPRegen  0.10/turn              (no ring)

@: mighty
A: no striking features
a: Depart the Abyss, Renounce Religion


You were on level 2 of the Dungeon.
You worshipped Lugonu.
Lugonu was aware of your devotion.
You were not hungry.

You visited 1 branch of the dungeon, and saw 2 of its levels.
You visited the Abyss 1 time.

You collected 41 gold pieces.

Inventory:

Hand Weapons
 a - a +1 hand axe (weapon)
Armour
 b - a +0 leather armour (worn)
Scrolls
 c - 2 scrolls of remove curse {unknown}
 d - a scroll of amnesia {unknown}
 g - a scroll of fog {unknown}
 h - 2 scrolls of blinking {unknown}
 i - 2 scrolls of identify {unknown}
 j - a scroll of teleportation {unknown}
 k - 3 scrolls of enchant weapon {unknown}
Potions
 l - a potion of lignification {unknown}
 n - a potion of degeneration {unknown}
Comestibles
 e - 3 rations {!d}
 m - a chunk of flesh


   Skills:
 + Level 4.3 Fighting
 * Level 4.5 Axes
 - Level 2.1 Armour
 - Level 0.7 Dodging
 + Level 3.3 Invocations


You had 3 spell levels left.
You didn't know any spells.
Your spell library was empty.

Dungeon Overview and Level Annotations

Branches:
Dungeon (2/15)

Altars:
Makhleb

Annotations:
D:2 Sigmund


Message History

The bat hits you but does no damage. The bat barely misses you.
You hit the bat.
You kill the bat!
Lugonu accepts your kill.
No target in view!
You butcher the bat corpse.
m - 2 chunks of flesh (gained 1)
You see here a bat skeleton. x2
There is an open door here.
There is an open door here.
Sigmund the Dreaded comes into view.
He is wielding a +0 scythe and wearing a +2 robe of magic resistance.
Sigmund shouts!
There is an open door here.
Sigmund closely misses you.
Okay, then.
Unknown command.
You barely miss Sigmund. You closely miss Sigmund. Sigmund barely misses you.
You barely miss Sigmund. Sigmund completely misses you.
You hit Sigmund but do no damage. You hit Sigmund but do no damage.
Sigmund closely misses you.
Some of the chunks of flesh in your inventory have rotted away.
You hit Sigmund but do no damage.
Sigmund points at you and mumbles some strange words.
The magic dart hits you.
You hit Sigmund but do no damage. Sigmund misses you.
You closely miss Sigmund. You hit Sigmund. Sigmund hits you with a +0 scythe!
You hit Sigmund but do no damage. Sigmund misses you.
You barely miss Sigmund. Sigmund casts a spell at you. The magic dart hits you.
You barely miss Sigmund. Sigmund hits you with a +0 scythe.
* * * LOW HITPOINT WARNING * * *
You aren't carrying any items that you can evoke.
Unknown command.
It was a potion of might.
You feel very mighty all of a sudden.
Unknown command.
You completely miss Sigmund. Sigmund barely misses you.
You hit Sigmund. Sigmund hits you with a +0 scythe.
* * * LOW HITPOINT WARNING * * *
You closely miss Sigmund.
Unknown command.
You closely miss Sigmund. Sigmund barely misses you.
You closely miss Sigmund. Sigmund hits you with a +0 scythe!
* * * LOW HITPOINT WARNING * * *
You hit Sigmund. Sigmund hits you with a +0 scythe!
You die...

#....###.####.....###.##.#####
#....'.....#.......#..........
#....####......_.............#
#....# #..#.......##.##.....+
#....####.###.....##..####...#
#####.รท...# ##...####.# #....
#........#####.#####.# ###.#
#........'.@.#.......# ##.#
#........###@'.......# #<..
#.....@..# #.#.......# ####
#........# #.#.......# ###
#........# #.#.......# #.#
#.......@# ###.......# #.#
#........#####.......# #.#
.....................# #.#
....................# #.#
........##########.#


You could see Sigmund.

Vanquished Creatures
  An adder (D:2)
  An ooze (D:2)
  A worm (D:2)
  2 leopard geckos (D:1)
  3 giant cockroaches (D:1)
  5 goblins
  8 hobgoblins
  A kobold (D:1)
  3 quokkas (D:2)
  7 bats
  2 frilled lizards
  8 rats
42 creatures vanquished.

Notes
Turn   | Place    | Note
-------+----------+-------------------------------------------
     0 | Abyss:1  | LostNumber the Hill Orc Abyssal Knight began the quest for
                  | the Orb.
     0 | Abyss:1  | Reached XP level 1. HP: 19/19 MP: 2/2
    29 | Abyss:1  | Found a corrupted altar of Lugonu.
    59 | Abyss:1  | Noticed a guardian serpent
    61 | D:1      | Escaped the Abyss
   326 | D:1      | Reached * piety under Lugonu
   326 | D:1      | Reached XP level 2. HP: 22/27 MP: 4/4
   721 | D:1      | Reached XP level 3. HP: 27/33 MP: 5/5
  1323 | D:2      | Reached XP level 4. HP: 26/40 MP: 6/6
  1522 | D:2      | Found a burning altar of Makhleb.
  1621 | D:2      | Noticed Sigmund
  1650 | D:2      | Slain by Sigmund

Skill      XL: |  1  2  3 |
---------------+----------+-----
Axes           | 3 4 |  4.5
Invocations    | 3 |  3.3
Fighting       | 4 |  4.3
Armour         | |  2.1
Dodging        | |  0.7

Action                   |  1- 3 |  4- 6 || total
-------------------------+-------+-------++-------
Melee: Hand axe          |   101 |    29 ||   130
Invok: Depart the Abyss  |     1 |       ||     1
  Use: Potion            |       |     1 ||     1
 Stab: Sleeping          |     1 |       ||     1
  Eat: Chunk             |     1 |     1 ||     2
Armor: Leather armour    |    36 |    11 ||    47
Dodge: Dodged            |    75 |    15 ||    90
